SNL (28 & UNDER)
GAINESVILLE GUIDOS @ BLACKIRON DRAGONS
07/21/2030
 
TOP OF THE 1ST
Gainesville Guidos batting - Pitching for BlackIron Dragons : LHP Ricardo Vega
Pitching: LHP Ricardo Vega
Batting: RHB Ronald Cleveland 0-0: Ball
1-0: Ball
2-0: Ball
3-0: Foul Ball, location: 2F
3-1: Foul Ball, location: 2F
3-2: Base on Balls
Batting: RHB Doug Coleman 0-0: Ball
1-0: Grounds into double play, 6-4-3 (Groundball, 6)
Batting: RHB César Castillo 0-0: Ball
1-0: Called Strike
1-1: Called Strike
1-2: Ball
2-2: Ball
3-2: Foul Ball, location: 2F
3-2: Fly out, F7 (Flyball, 7S)
Top of the 1st over - 0 runs, 0 hits, 0 errors, 0 left on base; Gainesville 0 - BlackIron 0
BOTTOM OF THE 1ST
BlackIron Dragons batting - Pitching for Gainesville Guidos : RHP Jesús Cantú
Pitching: RHP Jesús Cantú
Batting: RHB Joaquín Valenzuela 0-0: Ball
1-0: Foul Ball, location: 2F
1-1: SINGLE (Groundball, 4M) (infield hit)
Batting: SHB David Boyle 0-0: Called Strike
0-1: Grounds into double play, 6-4-3 (Groundball, 6)
Batting: LHB José Martínez 0-0: Ball
1-0: Ball
2-0: Ball
3-0: Called Strike
3-1: Called Strike
3-2: Base on Balls
Batting: RHB Iván Granados 0-0: 2-RUN HOME RUN (Flyball, 7D), Distance : 418 ft
Batting: RHB Millard Long 0-0: Ball
1-0: Ball
2-0: Ball
3-0: Base on Balls
Batting: RHB Foster Hapgood 0-0: Fly out, F7 (Flyball, 7D)
Bottom of the 1st over - 2 runs, 2 hits, 0 errors, 1 left on base; Gainesville 0 - BlackIron 2
TOP OF THE 2ND
Gainesville Guidos batting - Pitching for BlackIron Dragons : LHP Ricardo Vega
Batting: SHB Kent Phillips 0-0: Called Strike
0-1: Foul Ball, location: 2F
0-2: Strikes out swinging
Batting: RHB Adrián López 0-0: Ball
1-0: SINGLE (Line Drive, 56D)
Batting: RHB Dave Marshall 0-0: Called Strike
0-1: Ball
1-1: Hit by Pitch
Adrián López to second
Batting: SHB Manuel Díaz 0-0: Ball
1-0: Foul Ball, location: 2F
1-1: Ball
2-1: Ground out 5-3 (Groundball, 56S)
Adrián López to third
Dave Marshall to second
Batting: RHB Tim Bonner 0-0: Ball
1-0: Ball
2-0: Ball
3-0: Base on Balls
Batting: RHB Santiago Díaz 0-0: Ball
1-0: Ball
2-0: Called Strike
2-1: Foul Ball, location: 2F
2-2: Ball
3-2: Base on Balls
Adrián López scores
Dave Marshall to third
Tim Bonner to second
Batting: RHB Ronald Cleveland 0-0: Called Strike
0-1: Ground out 3-1 (Groundball, 34)
Top of the 2nd over - 1 run, 1 hit, 0 errors, 3 left on base; Gainesville 1 - BlackIron 2
BOTTOM OF THE 2ND
BlackIron Dragons batting - Pitching for Gainesville Guidos : RHP Jesús Cantú
Batting: RHB Randall Walker 0-0: Called Strike
0-1: Swinging Strike
0-2: Ball
1-2: SINGLE (Line Drive, 5)
Batting: RHB Júlio Rodríguez 0-0: Ball
1-0: Called Strike
1-1: Ball
2-1: Swinging Strike
2-2: Grounds into double play, 5-4-3 (Groundball, 5)
Batting: RHB Bernardo Corona 0-0: Ball
1-0: Foul Ball, location: 2F
1-1: Foul Ball, location: 2F
1-2: Ground out 5-3 (Groundball, 56)
Bottom of the 2nd over - 0 runs, 1 hit, 0 errors, 0 left on base; Gainesville 1 - BlackIron 2
TOP OF THE 3RD
Gainesville Guidos batting - Pitching for BlackIron Dragons : LHP Ricardo Vega
Batting: RHB Doug Coleman 0-0: Called Strike
0-1: Ground out 5-3 (Groundball, 25)
Batting: RHB César Castillo 0-0: SINGLE (Line Drive, 8LS)
Batting: SHB Kent Phillips 0-0: Called Strike
0-1: Ball
1-1: Ball
2-1: Called Strike
2-2: Foul Ball, location: 2F
2-2: Ball
3-2: Ground out U3 (Groundball, 34)
César Castillo to second
Batting: RHB Adrián López 0-0: Ball
1-0: Foul Ball, location: 2F
1-1: Fly out, F8 (Flyball, 8LM)
Top of the 3rd over - 0 runs, 1 hit, 0 errors, 1 left on base; Gainesville 1 - BlackIron 2
BOTTOM OF THE 3RD
BlackIron Dragons batting - Pitching for Gainesville Guidos : RHP Jesús Cantú
Batting: RHB Joaquín Valenzuela 0-0: Foul Ball, location: 2F
0-1: Foul Ball, location: 2F
0-2: Foul Ball, location: 2F
0-2: Ball
1-2: Fly out, F7 (Flyball, 7LM)
Batting: SHB David Boyle 0-0: Swinging Strike
0-1: Swinging Strike
0-2: Foul Ball, location: 2F
0-2: Ball
1-2: Ground out 6-3 (Groundball, 6M)
Batting: LHB José Martínez 0-0: Called Strike
0-1: Foul Ball, location: 2F
0-2: Strikes out swinging
Bottom of the 3rd over - 0 runs, 0 hits, 0 errors, 0 left on base; Gainesville 1 - BlackIron 2
TOP OF THE 4TH
Gainesville Guidos batting - Pitching for BlackIron Dragons : LHP Ricardo Vega
Batting: RHB Dave Marshall 0-0: Ball
1-0: Called Strike
1-1: Called Strike
1-2: Strikes out swinging
Batting: SHB Manuel Díaz 0-0: Swinging Strike
0-1: Called Strike
0-2: Ball
1-2: Foul Ball, location: 2F
1-2: Ball
2-2: Fly out, F4 (Popup, 4M)
Batting: RHB Tim Bonner 0-0: Ball
1-0: Called Strike
1-1: Ball
2-1: Ground out 5-3 (Groundball, 56S)
Top of the 4th over - 0 runs, 0 hits, 0 errors, 0 left on base; Gainesville 1 - BlackIron 2
BOTTOM OF THE 4TH
BlackIron Dragons batting - Pitching for Gainesville Guidos : RHP Jesús Cantú
Batting: RHB Iván Granados 0-0: Fly out, F8 (Line Drive, 8RM)
Batting: RHB Millard Long 0-0: Ball
1-0: Foul Ball, location: 2F
1-1: Ball
2-1: Ball
3-1: Base on Balls
Batting: RHB Foster Hapgood 0-0: Fly out, F9 (Flyball, 9S)
Batting: RHB Randall Walker 0-0: Fly out, F7 (Flyball, 7LD)
Bottom of the 4th over - 0 runs, 0 hits, 0 errors, 1 left on base; Gainesville 1 - BlackIron 2
TOP OF THE 5TH
Gainesville Guidos batting - Pitching for BlackIron Dragons : LHP Ricardo Vega
Batting: RHB Santiago Díaz 0-0: Called Strike
0-1: Swinging Strike
0-2: Strikes out looking
Batting: RHB Ronald Cleveland 0-0: Ball
1-0: Ball
2-0: Called Strike
2-1: Called Strike
2-2: Strikes out swinging
Batting: RHB Doug Coleman 0-0: Called Strike
0-1: Ball
1-1: Foul Ball, location: 2F
1-2: Ball
2-2: Foul Ball, location: 2F
2-2: Foul Ball, location: 2F
2-2: Ground out 4-3 (Groundball, 4M)
Top of the 5th over - 0 runs, 0 hits, 0 errors, 0 left on base; Gainesville 1 - BlackIron 2
BOTTOM OF THE 5TH
BlackIron Dragons batting - Pitching for Gainesville Guidos : RHP Jesús Cantú
Batting: RHB Júlio Rodríguez 0-0: Ball
1-0: Foul Ball, location: 2F
1-1: Foul Ball, location: 2F
1-2: Foul Ball, location: 2F
1-2: Ball
2-2: Strikes out looking
Batting: RHB Bernardo Corona 0-0: Ball
1-0: Ball
2-0: Foul Ball, location: 2F
2-1: Ball
3-1: SINGLE (Line Drive, 89S)
Batting: RHB Joaquín Valenzuela 0-0: Ball
1-0: Called Strike
1-1: Ball
2-1: Grounds into double play, 6-4-3 (Groundball, 6)
Bottom of the 5th over - 0 runs, 1 hit, 0 errors, 0 left on base; Gainesville 1 - BlackIron 2
TOP OF THE 6TH
Gainesville Guidos batting - Pitching for BlackIron Dragons : LHP Ricardo Vega
Batting: RHB César Castillo 0-0: Swinging Strike
0-1: Foul Ball, location: 2F
0-2: Strikes out swinging
Batting: SHB Kent Phillips 0-0: Foul Ball, location: 2F
0-1: Swinging Strike
0-2: Ball
1-2: Ground out 4-3 (Groundball, 4)
Batting: RHB Adrián López 0-0: Ball
1-0: Ball
2-0: Called Strike
2-1: Ground out 5-3 (Groundball, 5S)
Top of the 6th over - 0 runs, 0 hits, 0 errors, 0 left on base; Gainesville 1 - BlackIron 2
BOTTOM OF THE 6TH
BlackIron Dragons batting - Pitching for Gainesville Guidos : RHP Jesús Cantú
Batting: SHB David Boyle 0-0: Ball
1-0: Ball
2-0: Foul Ball, location: 2F
2-1: Foul Ball, location: 2F
2-2: Foul Ball, location: 2F
2-2: Foul Ball, location: 2F
2-2: Ball
3-2: Fly out, F9 (Flyball, 9S)
Batting: LHB José Martínez 0-0: Ball
1-0: Ball
2-0: Called Strike
2-1: Ball
3-1: Called Strike
3-2: Ground out U3 (Groundball, 34)
Batting: RHB Iván Granados 0-0: Ball
1-0: DOUBLE (Line Drive, 89M)
Batting: RHB Millard Long 0-0: Foul Ball, location: 2F
0-1: Ball
Passed Ball!
Iván Granados to third
1-1: Fly out, F3 (Popup, 34S)
Bottom of the 6th over - 0 runs, 1 hit, 0 errors, 1 left on base; Gainesville 1 - BlackIron 2
TOP OF THE 7TH
Gainesville Guidos batting - Pitching for BlackIron Dragons : LHP Ricardo Vega
Batting: RHB Dave Marshall 0-0: Ball
1-0: Called Strike
1-1: Ball
2-1: Swinging Strike
2-2: Foul Ball, location: 2F
2-2: Ball
3-2: Reached on error, E5 (Groundball, 5)
Pitching: LHP Nick Walters
Batting: SHB Manuel Díaz 0-0: SINGLE (Line Drive, 3D)
Dave Marshall to second
Pinch Hitting: RHB James Morris 0-0: Ball
Wild Pitch!
Dave Marshall to third
Manuel Díaz to second
1-0: Called Strike
1-1: Swinging Strike
1-2: Foul Ball, location: 2F
1-2: Strikes out swinging
Batting: RHB Santiago Díaz 0-0: Ball
1-0: Ball
2-0: Ball
3-0: Base on Balls
Pinch Hitting: SHB José Sousa 0-0: Ball
1-0: Called Strike
1-1: Foul Ball, location: 2F
1-2: Foul Ball, location: 2F
1-2: Strikes out looking
Batting: RHB Doug Coleman 0-0: Ball
1-0: Ball
2-0: Ball
3-0: Called Strike
3-1: Fielders Choice at 2nd, U6 (Groundball, 6M)
Top of the 7th over - 0 runs, 1 hit, 1 error, 3 left on base; Gainesville 1 - BlackIron 2
BOTTOM OF THE 7TH
BlackIron Dragons batting - Pitching for Gainesville Guidos : RHP Jesús Cantú
Now at 2B: Cornell Payne
Now in LF: José Sousa
Batting: RHB Foster Hapgood 0-0: Called Strike
0-1: Ball
1-1: Swinging Strike
1-2: Foul Ball, location: 2F
1-2: Ball
2-2: Ball
3-2: Base on Balls
Pitching: RHP Tim Lyons
Pinch Hitting: LHB Giovannino Arduino 0-0: Bunted foul
0-1: Bunted foul
0-2: Strikes out swinging
Batting: RHB Júlio Rodríguez 0-0: Foul Ball, location: 2F
0-1: Ball
1-1: Ball
2-1: Foul Ball, location: 2F
2-2: Ground out 2-3 (Groundball, 15S)
Foster Hapgood to second
Batting: RHB Bernardo Corona 0-0: Called Strike
0-1: Ball
1-1: Ball
2-1: Swinging Strike
2-2: Ground out 5-3 (Groundball, 56)
Bottom of the 7th over - 0 runs, 0 hits, 0 errors, 1 left on base; Gainesville 1 - BlackIron 2
TOP OF THE 8TH
Gainesville Guidos batting - Pitching for BlackIron Dragons : LHP Nick Walters
Now at C: Luis Méndez
Now in RF: Giovannino Arduino
Batting: RHB César Castillo 0-0: Called Strike
0-1: SOLO HOME RUN (Flyball, 7LD), Distance : 399 ft
Batting: SHB Kent Phillips 0-0: Ball
1-0: Called Strike
1-1: SOLO HOME RUN (Flyball, 7LD), Distance : 379 ft
Pitching: RHP José Moreno
Batting: RHB Adrián López 0-0: Foul Ball, location: 2F
0-1: Ground out 6-3 (Groundball, 6)
Batting: RHB Dave Marshall 0-0: Fly out, F8 (Flyball, 8RXD)
Batting: SHB Manuel Díaz 0-0: Called Strike
0-1: Called Strike
0-2: Strikes out swinging
Top of the 8th over - 2 runs, 2 hits, 0 errors, 0 left on base; Gainesville 3 - BlackIron 2
BOTTOM OF THE 8TH
BlackIron Dragons batting - Pitching for Gainesville Guidos : RHP Tim Lyons
Batting: RHB Joaquín Valenzuela 0-0: Ball
1-0: Foul Ball, location: 2F
1-1: Ball
2-1: Ball
3-1: Called Strike
3-2: Foul Ball, location: 2F
3-2: Base on Balls
Batting: SHB David Boyle 0-0: Ball
1-0: Reached on error, E2 (Groundball, 2L)
Joaquín Valenzuela to third
Pitching: LHP Anthony Robinson
Batting: LHB José Martínez 0-0: Foul Ball, location: 2F
0-1: Foul Ball, location: 2F
0-2: Ball
1-2: Ball
2-2: Strikes out swinging, 2-3 out at first.
Pitching: RHP Matt Johnston
Batting: RHB Iván Granados 0-0: Fly out, F8 (Flyball, 8RXD)
Runner from 3rd tags up, SCORES, no throw
David Boyle to third
Batting: RHB Millard Long 0-0: Called Strike
0-1: Ball
1-1: Ground out U3 (Groundball, 3)
Bottom of the 8th over - 1 run, 0 hits, 1 error, 1 left on base; Gainesville 3 - BlackIron 3
TOP OF THE 9TH
Gainesville Guidos batting - Pitching for BlackIron Dragons : RHP José Moreno
Pitching: RHP Juan Carlos Guerrero
Batting: SHB Cornell Payne 0-0: Called Strike
0-1: Called Strike
0-2: Ball
1-2: Foul Ball, location: 2F
1-2: SINGLE (Groundball, 6) (infield hit)
Batting: RHB Santiago Díaz 0-0: Ball
1-0: Foul Ball, location: 2F
1-1: Bunt - Flyout! F3
Batting: SHB José Sousa 0-0: Called Strike
0-1: Ball
1-1: Ball
2-1: SINGLE (Groundball, 3) (infield hit)
Cornell Payne to second
Batting: RHB Doug Coleman 0-0: Ball
1-0: Ball
2-0: Foul Ball, location: 2F
2-1: Foul Ball, location: 2F
2-2: Fly out, F7 (Line Drive, 78M)
Batting: RHB César Castillo 0-0: Called Strike
0-1: Swinging Strike
0-2: Ball
1-2: Foul Ball, location: 2F
1-2: Ball
2-2: Ball
3-2: Ground out 6-3 (Groundball, 6)
Top of the 9th over - 0 runs, 2 hits, 0 errors, 2 left on base; Gainesville 3 - BlackIron 3
BOTTOM OF THE 9TH
BlackIron Dragons batting - Pitching for Gainesville Guidos : RHP Matt Johnston
Batting: RHB Foster Hapgood 0-0: Ball
1-0: Fly out, F4 (Flyball, 4D)
Batting: LHB Giovannino Arduino 0-0: Foul Ball, location: 2F
0-1: Swinging Strike
0-2: Ball
1-2: Fly out, F6 (Popup, 6M)
Pinch Hitting: RHB Jimmy King 0-0: Called Strike
0-1: Ball
1-1: Foul Ball, location: 2F
1-2: Ball
2-2: Ball
3-2: Ground out U3 (Groundball, 34)
Bottom of the 9th over - 0 runs, 0 hits, 0 errors, 0 left on base; Gainesville 3 - BlackIron 3
TOP OF THE 10TH
Gainesville Guidos batting - Pitching for BlackIron Dragons : RHP Juan Carlos Guerrero
Now at C: George Arnold
Batting: SHB Kent Phillips 0-0: Ball
1-0: Ball
2-0: Called Strike
2-1: Ball
3-1: Base on Balls
Batting: RHB Adrián López 0-0: Ball
1-0: Called Strike
1-1: SINGLE (Flyball, 7LS)
Kent Phillips to second
Pinch Hitting: LHB Scott Young 0-0: Called Strike
0-1: Ball
1-1: Foul Ball, location: 2F
1-2: Foul Ball, location: 2F
1-2: Ground out U3 (Groundball, 3)
Kent Phillips to third
Adrián López to second
Batting: SHB Manuel Díaz 0-0: Foul Ball, location: 2F
0-1: Ball
1-1: Foul Ball, location: 2F
1-2: SINGLE (Line Drive, 56D)
Kent Phillips scores
Adrián López to third
Runner from 3rd tries for Home, SAFE, no throw
Batting: SHB Cornell Payne 0-0: Ball
1-0: Ball
2-0: Swinging Strike
2-1: SINGLE (Flyball, 9LS)
Manuel Díaz to second
Runner from 2nd tries for 3rd, SAFE, no throw
Batting: RHB Santiago Díaz 0-0: Called Strike
0-1: Ball
1-1: Ground out U3 (Groundball, 3S)
Cornell Payne to second
Batting: SHB José Sousa 0-0: Ball
1-0: Fly out, F4 (Popup, 34)
Top of the 10th over - 2 runs, 3 hits, 0 errors, 2 left on base; Gainesville 5 - BlackIron 3
BOTTOM OF THE 10TH
BlackIron Dragons batting - Pitching for Gainesville Guidos : RHP Matt Johnston
Now at 3B: George Green
Batting: RHB Bernardo Corona 0-0: Fly out, F7 (Flyball, 7)
Batting: RHB Joaquín Valenzuela 0-0: Called Strike
0-1: Ball
1-1: Foul Ball, location: 2F
1-2: Strikes out swinging, 2-3 out at first.
Batting: SHB David Boyle 0-0: Fly out, F8 (Line Drive, 8LD)
Bottom of the 10th over - 0 runs, 0 hits, 0 errors, 0 left on base; Gainesville 5 - BlackIron 3
Saturday, April 7th, 2018 - OOTP Baseball 18.8 Build 76